 Dungeon Crawl Stone Soup version 0.31-a0-237-g2d982f9f85 (webtiles) character file.

Game seed: 11207271008735903509

199 qw the Shooter (level 5, 0/30 HPs)
             Began as a Gargoyle Hexslinger on July 10, 2023.
             Slain by an ufetubus (3 damage)
             ... in a sewer.
             The game lasted 00:01:02 (2500 turns).

qw the Shooter (Gargoyle Hexslinger)                Turns: 2500, Time: 00:01:03

Health: 0/30       AC: 13    Str: 18    XL:     5   Next: 77%
Magic:  6/6        EV: 11    Int: 13    God:
Gold:   153        SH:  0    Dex: 14    Spells: 5/6 levels left

rFire   . . .        Y - +3 sling
rCold   . . .        (no shield)
rNeg    + . .        e - +0 ring mail
rPois   inf          (no helmet)
rElec   +            d - +0 cloak
rCorr   .            h - +1 pair of gloves
SInv    .            g - +0 pair of boots
Will    .....        (no amulet)
Stlth   +            a - +6 ring of strength
HPRegen 0.25/turn    (no ring)
MPRegen 0.10/turn

%: no passive effects
@: no status effects
A: sickness immunity, AC +4, negative energy resistance 1, electricity
resistance, torment resistance 1, petrification resistance
a: no special abilities


You were in a sewer.
You visited 1 branch of the dungeon, and saw 3 of its levels.
You also visited: Sewer.

You collected 153 gold pieces.


Innate Abilities, Weirdness & Mutations

You are immune to sickness and miasma.
Your stone body is resilient. (AC +4)
You are immune to poison.
You resist negative energy. (rN+)
You are resistant to electric shocks. (rElec)
You are resistant to unholy torment.
You are immune to petrification.


   Skills:
 + Level 2.0 Fighting
 - Level 5.4 Ranged Weapons
 - Level 1.0 Armour
 - Level 1.5 Dodging
 - Level 1.0 Spellcasting
 - Level 2.6 Hexes


You had 5 spell levels left.
You knew the following spells:

 Your Spells              Type           Power      Damage    Failure   Level
a - Slow                  Hex            28%        N/A       17%         1

Your spell library contained the following spells:

 Spells                   Type           Power      Damage    Failure   Level
 Inner Flame              Hex/Fire       4%         N/A       65%         3
 Portal Projectile        Hex/Tloc       8%         N/A       65%         3
 Cause Fear               Hex            3%         N/A       86%         4

Inventory:

Hand Weapons
 Y - a +3 sling (weapon)
Armour
 d - a +0 cloak (worn)
 e - a +0 ring mail (worn)
 g - a +0 pair of boots (worn)
 h - a +1 pair of gloves (worn)
Jewellery
 a - a +6 ring of strength (left hand)
Scrolls
 f - a scroll of identify
Potions
 b - a potion of brilliance {unknown}
 i - a potion of mutation
 j - a potion of invisibility {unknown}

Dungeon Overview and Level Annotations

Branches:
Dungeon (3/15)              Sewer (1/1)

Altars:
Makhleb
Nemelex Xobeh
Trog

Annotations:
Sewer Grinder


Message History

The sling bullet hits the kobold brigand.
The kobold brigand is severely wounded.
The ufetubus hits you but does no damage.
The ufetubus barely misses you. x2
The ufetubus hits you but does no damage.
The kobold brigand hits you but does no damage.
The kobold brigand hits you with a +0 short sword.
You shoot a sling bullet.
The sling bullet hits the kobold brigand.
The kobold brigand is severely wounded.
The ufetubus hits you but does no damage. x2
The kobold brigand hits you with a +0 short sword. x2
The ufetubus hits you but does no damage. x2
Grinder blinks!
You shoot a sling bullet.
The sling bullet hits the kobold brigand!
You kill the kobold brigand!
The ufetubus hits you but does no damage. x2
The kobold brigand barely misses you.
Grinder says, "Wait up."
The ufetubus misses you.
The ufetubus hits you but does no damage.
The kobold brigand closely misses you.
Your Ranged Weapons skill increases to level 5!
You shoot a sling bullet.
The sling bullet closely misses the kobold brigand.
The ufetubus hits you but does no damage.
The ufetubus hits you. The ufetubus barely misses you.
The ufetubus hits you but does no damage.
The kobold brigand hits you but does no damage.
You shoot a sling bullet.
The sling bullet closely misses the kobold brigand.
The ufetubus hits you but does no damage.
The ufetubus closely misses you. The kobold brigand misses you.
The ufetubus barely misses you.
The ufetubus hits you but does no damage.
You shoot a sling bullet.
The sling bullet closely misses the kobold brigand.
The ufetubus barely misses you. The ufetubus hits you.
You die...

' .' 5) K# ########
'####
#~~~~~~#5.)#~~
#~.~)@5KKK...~
#....)K#K..#..
#)#######~#######+#
#......#~~~#......#
#.~~~..#~~~#..~~~.#
#~~~~~...~...~~~~~#
#~~~~~~#.).#~~~~~~#
#~~~~~~#...~~~~~~~#
#~~~~~~#.).#~~~~~~#


You could see Grinder, a kobold brigand, an ufetubus and 4 kobolds.

Vanquished Creatures
  A kobold brigand (Sewer)
  4 adders
  An ufetubus (Sewer)
  An orc (D:3)
  7 ball pythons
  6 bats
  A bat zombie (Sewer)
  5 endoplasms
  7 giant cockroaches
  7 goblins
  5 hobgoblins
  4 jackals (D:1)
  24 kobolds
  2 quokkas (D:3)
  2 frilled lizards
  A kobold zombie (Sewer)
  4 rats
82 creatures vanquished.

Vanquished Creatures (others)
  A kobold zombie (Sewer)
1 creature vanquished.

Grand Total: 83 creatures vanquished

Notes
Turn   | Place    | Note
-------+----------+-------------------------------------------
     0 | D:1      | qw the Gargoyle Hexslinger began the quest for the Orb.
     0 | D:1      | Reached XP level 1. HP: 12/12 MP: 2/2
     0 | D:1      | 0 ||| qw: Version: 0.3-a-52-g30416fa
     0 | D:1      | 0 ||| qw: Game counter: 5080
     0 | D:1      | 0 ||| qw: Melee chars always use a shield: true
     0 | D:1      | 0 ||| qw: God list: Okawaru
     0 | D:1      | 0 ||| qw: Allow faded altars: false
     0 | D:1      | 0 ||| qw: Do Orc after clearing Dungeon:15 true
     0 | D:1      | 0 ||| qw: Do second Lair branch before Depths: true
     0 | D:1      | 0 ||| qw: Lair rune preference: random
     0 | D:1      | 0 ||| qw: Goals: Normal
     0 | D:1      | 0 ||| PLANNING D:1-11
   164 | D:1      | Reached XP level 2. HP: 16/16 MP: 3/3
   246 | D:1      | Reached skill level 3 in Ranged Weapons
   859 | D:1      | 859 ||| UPGRADING to +0 ring mail.
   869 | D:1      | 869 ||| DROPPING +0 robe.
   870 | D:1      | 870 ||| UPGRADING to +0 pair of boots.
   875 | D:1      | 875 ||| UPGRADING to +1 pair of gloves.
   880 | D:1      | 880 ||| READING 2 scrolls labelled AHASORH AKAA.
   881 | D:1      | 881 ||| READING scroll of enchant weapon.
   881 | D:1      | 881 ||| ENCHANTING +2 sling.
   882 | D:1      | 882 ||| READING 2 scrolls labelled ZEPAHU OHOCALL.
   883 | D:1      | 883 ||| DROPPING scroll of poison.
  1054 | D:2      | Reached XP level 3. HP: 16/21 MP: 4/4
  1203 | D:2      | Reached skill level 1 in Armour
  1629 | D:2      | Reached XP level 4. HP: 26/26 MP: 5/5
  1815 | D:2      | 1815 ||| UPGRADING to +6 ring of strength.
  1816 | D:2      | 1816 ||| READING scroll labelled ACON AHYUGAG.
  1817 | D:2      | 1817 ||| READING scroll labelled ZUAFFA EMOUSURI.
  1818 | D:2      | 1818 ||| READING 3 scrolls of identify.
  1818 | D:2      | 1818 ||| IDENTIFYING fizzy silvery potion
  1819 | D:2      | 1819 ||| READING 2 scrolls of identify.
  1819 | D:2      | 1819 ||| IDENTIFYING fuming clear potion
  1820 | D:2      | 1820 ||| DROPPING potion of degeneration.
  1841 | D:3      | 1841 ||| PLANNING SEWER
  1950 | D:3      | Found a sparkling altar of Nemelex Xobeh.
  1989 | D:3      | Found a burning altar of Makhleb.
  2107 | D:3      | Found a bloodstained altar of Trog.
  2110 | D:3      | 2110 ||| Stepping ~*~*~tactically~*~*~ (outnumbered).
  2112 | D:3      | 2112 ||| Stepping ~*~*~tactically~*~*~ (outnumbered).
  2114 | D:3      | 2114 ||| Stepping ~*~*~tactically~*~*~ (outnumbered).
  2127 | D:3      | Reached skill level 4 in Ranged Weapons
  2195 | D:3      | Found a glowing drain.
  2196 | D:3      | 2196 ||| UPGRADING to +0 cloak.
  2201 | D:3      | 2201 ||| READING scroll labelled ENWAFU FIAPSOPP.
  2206 | D:3      | 2206 ||| READING scroll labelled BOAHEPNI UHAS.
  2301 | Sewer    | Entered a sewer
  2437 | Sewer    | Reached XP level 5. HP: 30/30 MP: 6/6
  2484 | Sewer    | Noticed Grinder
  2484 | Sewer    | Noticed a kobold brigand
  2485 | Sewer    | Noticed a kobold brigand
  2487 | Sewer    | 2487 ||| Stepping ~*~*~tactically~*~*~ (outnumbered).
  2496 | Sewer    | HP: 6/30 [kobold brigand/+0 short sword (5)]
  2497 | Sewer    | Killed a kobold brigand
  2498 | Sewer    | Reached skill level 5 in Ranged Weapons
  2500 | Sewer    | Slain by an ufetubus

Levels and vault maps discovered:
D:1:      saegor_arrival_simple_a, layout_basic, minmay_close_crescents
D:2:      layout_basic
D:3:      layout_rooms, trog_hazing_becter, nicolae_overflow_hidden_temple,
          nemelex_dance_club_becter, gup_sewer_entry_glass
Sewer:    kennysheep_sewer_church

Skill      XL: |  1  2  3  4  5 |
---------------+----------------+-----
Ranged Weapons | 3 4 5 |  5.4
Fighting       | 2 |  2.0
Armour         | 1 |  1.0
Dodging        | |  1.5
Spellcasting   | |  1.0
Hexes          | |  2.6

Action                     |  1- 3 |  4- 6 || total
---------------------------+-------+-------++-------
   Fire: Sling             |   126 |   132 ||   258
    Use: Scroll            |     3 |     6 ||     9
 Armour: Robe              |     4 |       ||     4
         Ring mail         |    24 |   108 ||   132
  Dodge: Dodged            |    36 |   110 ||   146

Table legend:
 A = Non-vault XP
 B = Vault XP
 C = Vault XP percentage of total XP
 D = Non-vault monster count
 E = Vault monster count
 F = Vault count percentage of total count
                 A         B        C        D         E       F
            +---------+---------+-------+---------+---------+-------
      Total |      99 |     186 |  65.3 |      45 |      37 |  45.1
            +---------+---------+-------+---------+---------+-------
        D:1 |      21 |       2 |   8.7 |      13 |       1 |   7.1
        D:2 |      66 |       0 |   0.0 |      26 |       0 |   0.0
        D:3 |      12 |      47 |  79.7 |       6 |      12 |  66.7
      Sewer |       0 |     137 | 100.0 |       0 |      24 | 100.0
            +---------+---------+-------+---------+---------+-------
